 Dungeon Crawl Stone Soup version 0.25-a0-306-g3faca94 (webtiles) character file.

Game seed: 4066501437116835729, levelgen mode: deterministic

329 Birdy the Skirmisher (level 6, -1/56 HPs)
             Began as an Ogre Fighter on Dec 21, 2019.
             Collided with a rock wall (2 damage)
             ... caused by a wretched star
             ... created by the touch of Lugonu
             ... on level 4 of the Dungeon.
             The game lasted 00:04:08 (2468 turns).

Birdy the Skirmisher (Ogre Fighter)                 Turns: 2468, Time: 00:04:10

Health: -1/56      AC:  8    Str: 21    XL:     6   Next: 50%
Magic:  4/4        EV:  9    Int: 11    God:
Gold:   230        SH:  9    Dex:  8    Spells: 5/5 levels left

rFire    . . .     SeeInvis .   a - +0 long sword
rCold    . . .     Gourm    .   c - +0 shield
rNeg     . . .     Faith    .   b - +0 robe
rPois    .         Spirit   .   (helmet restricted)
rElec    .         Reflect  .   h - +2 cloak
rCorr    .         Harm     .   (gloves unavailable)
MR       .....                  (boots unavailable)
Stlth    +.........             (no amulet)
HPRegen  0.18/turn              k - +3 ring of protection
MPRegen  0.09/turn              (no ring)

@: no status effects
A: large, unfitting armour, [deformed body], [frail 2], [low mp 2], tough skin 1
a: no special abilities


You were on level 4 of the Dungeon.
You were not hungry.

You visited 1 branch of the dungeon, and saw 4 of its levels.

You collected 230 gold pieces.

Inventory:

Hand Weapons
 a - a +0 long sword (weapon)
Armour
 b - a +0 robe (worn)
 c - a +0 shield (worn)
 h - a +2 cloak (worn)
Jewellery
 k - a +3 ring of protection (left hand)
Wands
 e - a wand of enslavement (7)
Scrolls
 g - a scroll of blinking
 i - a scroll of remove curse
 l - 3 scrolls of noise
 n - a scroll of random uselessness {unknown}
Potions
 d - 2 potions of curing
 j - a potion of magic
 m - 2 potions of agility {unknown}
Comestibles
 f - 5 rations


   Skills:
 + Level 7.1 Fighting
 - Level 1.7 Long Blades
 - Level 2.6 Dodging
 + Level 4.9 Shields


You had 5 spell levels left.
You didn't know any spells.
Your spell library was empty.

Dungeon Overview and Level Annotations

Branches:
Dungeon (4/15)
 Temple: D:4-7

Altars:
Ashenzari
Sif Muna
Lugonu


Innate Abilities, Weirdness & Mutations

You are too large for most types of armour.
You have tough skin. (AC +1)
[Armour fits poorly on your strangely shaped body.]
[You are very frail. (-20% HP)]
[Your magical capacity is very low. (-20% MP)]


Message History

You hit the wretched star.
The wretched star is lightly damaged.
You closely miss the wretched star.
The wretched star is lightly damaged.
The wretched star pulses with an eldritch light!
You feel less energetic. x2
You closely miss the wretched star.
The wretched star is lightly damaged.
The wretched star glows turbulently.
The lance of force hits you!
You are knocked back by the lance of force.
You slam into the rock wall!
* * * LOW HITPOINT WARNING * * *
You feel better.
The wretched star glows turbulently.
The lance of force hits you!
* * * LOW HITPOINT WARNING * * *
You are knocked back by the lance of force.
You slam into the rock wall!
You die...

# . .#
##.# .?.
#.###*#.#
#...@...#
#####.#.#
.# .# .#
.# .. ##


You could see a wretched star.

Vanquished Creatures
  Sigmund (D:2)
  An ogre (D:4)
  4 adders (D:3)
  A worm (D:2)
  A dart slug (D:3)
  2 leopard geckos
  4 orcs (D:3)
  5 bats
  5 goblins
  10 hobgoblins
  6 jackals
  5 kobolds
  A quokka (D:2)
  4 rats
50 creatures vanquished.

Notes
Turn   | Place    | Note
-------+----------+-------------------------------------------
     0 | D:1      | Birdy the Ogre Fighter began the quest for the Orb.
     0 | D:1      | Reached XP level 1. HP: 24/24 MP: 1/1
   397 | D:1      | Reached XP level 2. HP: 32/33 MP: 2/2
   875 | D:2      | Noticed Sigmund
   879 | D:2      | Killed Sigmund
   879 | D:2      | Reached skill level 6 in Fighting
   879 | D:2      | Reached XP level 3. HP: 44/44 MP: 3/3
   879 | D:2      | Reached XP level 4. HP: 52/52 MP: 4/4
   879 | D:2      | Reached XP level 5. HP: 59/59 MP: 5/5
  1131 | D:2      | Found a shimmering blue altar of Sif Muna.
  1647 | D:3      | Found a shattered altar of Ashenzari.
  1805 | D:3      | Reached XP level 6. HP: 66/68 MP: 6/6
  2226 | D:3      | Found a faded altar of an unknown god.
  2309 | D:3      | Became a worshipper of Lugonu the Unformed
  2309 | D:3      | Reached * piety under Lugonu
  2309 | D:3      | Reached ** piety under Lugonu
  2310 | D:3      | Fell from the grace of Lugonu
  2382 | D:4      | Reached skill level 7 in Fighting
  2457 | D:4      | Noticed a wretched star
  2468 | D:4      | HP: 1/56 [wretched star/lance of force[the touch of Lugonu]
                  | (13)]
  2468 | D:4      | Collided with a rock wall

Levels and vault maps discovered:
D:1:      lemuel_arrival_rhombus, layout_basic
D:2:      layout_loops_ring, led_sif_pool, uniq_sigmund
D:3:      layout_rooms, lemuel_crystal_altar, chequers_ecumenical_altar_grove
D:4:      layout_loops_corners, minmay_temple_entry_overgrown, serial_shops,
          shop, first_ration

Skill      XL: |  1  2  3  4  5  6 |
---------------+-------------------+-----
Shields        | 4 |  4.9
Fighting       | 6 7 |  7.1
Long Blades    | |  1.7
Dodging        | |  2.6

Action                   |  1- 3 |  4- 6 || total
-------------------------+-------+-------++-------
Melee: Long sword        |    42 |   116 ||   158
Invok: Renounce Religion |       |     1 ||     1
  Use: Potion            |     1 |     4 ||     5
       Scroll            |       |     5 ||     5
  Eat: Chunk             |       |     3 ||     3
       Ration            |       |     1 ||     1
Armor: Robe              |     9 |    39 ||    48
Dodge: Dodged            |    14 |    40 ||    54
Block: Shield            |    22 |    52 ||    74
       Rpst.: Long sword |     7 |    10 ||    17

Table legend:
 A = Non-vault XP
 B = Vault XP
 C = Vault XP percentage of total XP
 D = Non-vault monster count
 E = Vault monster count
 F = Vault count percentage of total count
                 A         B        C        D         E       F
            +---------+---------+-------+---------+---------+-------
      Total |     262 |     208 |  44.3 |      49 |       1 |   2.0
            +---------+---------+-------+---------+---------+-------
        D:1 |      23 |       0 |   0.0 |      12 |       0 |   0.0
        D:2 |      37 |     208 |  84.9 |      18 |       1 |   5.3
        D:3 |      84 |       0 |   0.0 |      18 |       0 |   0.0
        D:4 |     118 |       0 |   0.0 |       1 |       0 |   0.0
            +---------+---------+-------+---------+---------+-------
